 Dungeon Crawl Stone Soup version 0.31-a0-175-g9f7f995f2b (webtiles) character file.

Game seed: 9118552809137074194

11126 qw the Skirmisher (level 11, -2/103 HPs)
             Began as a Naga Hunter on June 16, 2023.
             Was an Elder of Okawaru.
             Slain by a hell hound (3 damage)
             ... in a Gauntlet.
             The game lasted 00:03:08 (9196 turns).

qw the Skirmisher (Naga Hunter)                     Turns: 9196, Time: 00:03:08

Health: -2/103     AC: 15    Str: 17    XL:     11   Next: 72%
Magic:  15/16      EV: 15    Int:  8    God:    Okawaru [****..]
Gold:   36         SH:  0    Dex: 23    Spells: 10/10 levels left

rFire   + . .        Y - -2 triple crossbow (flame)
rCold   . . .        (shield currently unavailable)
rNeg    + . .        h - +3 leather armour of Boiz {Str+4}
rPois   +            (no helmet)
rElec   .            (no cloak)
rCorr   .            c - +1 pair of gloves
SInv    +            o - -2 barding
Will    +....        (no amulet)
Stlth   ++++         a - ring of positive energy
HPRegen 0.37/turn    k - ring of protection from fire
MPRegen 0.15/turn

%: no teleportation
@: short of breath, heroic, very slow
A: AC +3, large, see invisible, deformed body, poison resistance, slowness 2,
spit poison 2, naga tail 1, agile 1, screaming 1
a: Breathe Poison Gas, Renounce Religion, Heroism, Finesse


You were in a Gauntlet.
You worshipped Okawaru.
Okawaru was greatly pleased with you.
You visited 3 branches of the dungeon, and saw 11 of its levels.
You also visited: Gauntlet.

You collected 580 gold pieces.
You spent 544 gold pieces at shops.


Innate Abilities, Weirdness & Mutations

Your serpentine skin is tough. (AC +3)
You have supernaturally acute eyesight. (SInv)
Armour fits poorly on your strangely shaped body.
Your system is resistant to poisons. (rPois)
You cover ground very slowly.
You can exhale a cloud of poison.
You have a snake-like lower body.
You are agile. (Dex +4, Str/Int -1)
You occasionally shout uncontrollably at your foes.


   Skills:
 - Level 8.0(13.0) Fighting
 + Level 12.7(17.7) Ranged Weapons
 - Level 3.0(8.0) Armour
 - Level 5.4(10.4) Dodging
 - Level 1.5(6.5) Stealth
 + Level 7.2 Invocations


You had 10 spell levels left.
You didn't know any spells.
Your spell library was empty.

Inventory:

Hand Weapons
 Y - a -2 triple crossbow of flaming (weapon)
Armour
 c - a +1 pair of gloves (worn)
 h - the +3 leather armour of Boiz (worn) {Str+4}
   (You took it off an orc on level 3 of the Dungeon)

   Str:       It affects your strength (+4).
 o - a -2 barding (worn)
Jewellery
 a - a ring of positive energy (left hand)
 k - a ring of protection from fire (right hand)
 n - a ring of positive energy
 p - a ring of fire
Scrolls
 g - a scroll of identify
 m - 3 scrolls of teleportation
Potions
 b - 3 potions of haste
 e - 4 potions of mutation
 f - 3 potions of curing
 i - a potion of degeneration {unknown}
 j - a potion of magic {unknown}
 l - a potion of lignification {unknown}

Dungeon Overview and Level Annotations

Branches:
Dungeon (9/15)             Temple (1/1) D:6            Lair (1/5) D:9
Gauntlet (1/1)
    Orc: D:9-12

Altars:
Ashenzari
Cheibriados
Dithmenos
Elyvilon
Fedhas
Gozag
Hepliaklqana
Kikubaaqudgha
Makhleb
Nemelex Xobeh
Okawaru
Qazlal
Ru
Sif Muna
Trog
Uskayaw
Vehumet
Wu Jian
Xom
Yredelemnul
Zin
The Shining One

Shops:
D:2 [   D:3 [   D:6 [*   D:8 *   D:9 !

Annotations:
D:3 1 runed translucent door, Crazy Yiuf
D:5 2 runed translucent doors, qw's ghost, novice GrFi
Lair:1 2 transporters, qw's ghost, journeyman GrFi Gauntlet 13 runed translucent doors, 11 transporters


Message History

The hell hound bites you but does no damage.
9193 ||| DRINKING 2 potions of heal wounds.
You feel much better.
You are engulfed in blazing flames.
You resist.
The fire bat bites you but does no damage.
The hell hound completely misses you. The hell hound closely misses you.
The hell hound misses you. The fire crab bites you!
You are engulfed in flames.
You resist.
The fire crab claws you but does no damage.
You shoot a bolt. The bolt barely misses the fire crab.
You are engulfed in blazing flames.
You resist. The hell hound barely misses you. The fire bat barely misses you.
The hell hound closely misses you.
The hell hound bites you but does no damage.
The hell hound breathes flames at you. The blast of flame hits you. You resist.
The blast of flame hits the hell hound.
The hell hound completely resists.
The hell hound breathes flames at you. The blast of flame hits you. You resist.
The blast of flame hits the fire bat.
The fire bat completely resists.
The fire crab misses you. The fire crab closely misses you.
The hell hound closely misses you.
9195 ||| DRINKING potion of heal wounds.
You feel much better.
The fire bat bites you but does no damage.
The hell hound closely misses you. The hell hound completely misses you.
The hell hound misses you. The fire crab breathes flames at you.
The blast of flame engulfs you but does no damage.
The hell hound stops to sniff the ground.
The hell hound bites you but does no damage.
The hell hound bites you! The hell hound barely misses you.
You shoot a bolt. The bolt barely misses the fire crab.
You are engulfed in blazing flames.
You resist. The fire bat barely misses you. The fire bat closely misses you.
The hell hound bites you but does no damage. x2
The hell hound closely misses you. The fire crab bites you.
You are engulfed in flames.
You resist. The fire crab claws you!
You are engulfed in flames.
You resist. The hell hound closely misses you. The hell hound bites you.
You die...

.^#.....~.....#^...........^#....
###....~8~....#######.#######....
........~...........#.#........##
#######...###########.#........#8
....24#...##.......##.#..########
###..5#...#b#.....#b#.#..#8#
.#...?#...#h.#0..#..#.#..###
^#..#=#...#hb.#h#0..#.#..#
####54#...#hb..#@t..#^#..###
.#..#5#...#tb.#h#h0.###..#8#
.#...2#...#?.#.b.#0.#....###
###...#...#.#.....#.#....#
......#...##.......##..###
#######...###########..#8#
..#^#.......#^#........###
..#.#..~\¤..#.#.......¤#
###.#########.##########


You could see a fire crab, 3 hell hounds and 2 fire bats.

Vanquished Creatures
  A two-headed ogre (D:9)
  Pikel (D:7)
  A torpor snail (Gauntlet)
  3 cane toads (Lair:1)
  Maggie (D:7)
  2 komodo dragons (Lair:1)
  3 kobold demonologists (D:9)
  8 blink frogs (Lair:1)
  Sigmund (D:2)
  2 wyverns
  Eustachio (D:6)
  17 yaks
  A neqoxec (Gauntlet)
  A chaos spawn (Gauntlet)
  3 water moccasins (Lair:1)
  A sky beast (D:6)
  2 black bears
  An ogre (D:2)
  4 centaurs
  A phantom (D:5)
  A lemure (D:7)
  3 kobold brigands
  A gnoll sergeant (D:3)
  Blork the orc (D:5)
  3 bullfrogs
  A scorpion (D:5)
  3 wights (D:8)
  A killer bee (D:9)
  A howler monkey (D:8)
  2 hounds
  A jelly (D:5)
  2 orc priests (D:3)
  2 gnoll boudas
  Natasha (twice) (D:2)
  3 iguanas
  An orc wizard (D:7)
  Terence (D:3)
  13 gnolls
  7 adders
  A shadow imp (D:7)
  A white imp (D:6)
  An ufetubus (D:4)
  A dart slug (D:2)
  17 orcs
  8 endoplasms
  6 giant cockroaches
  10 goblins
  4 hobgoblins
  6 jackals
  A quokka (D:1)
  6 ball pythons
  7 bats
  4 frilled lizards
  25 kobolds
  2 rats
204 creatures vanquished.

Notes
Turn   | Place    | Note
-------+----------+-------------------------------------------
     0 | D:1      | qw the Naga Hunter began the quest for the Orb.
     0 | D:1      | Reached XP level 1. HP: 19/19 MP: 1/1
     0 | D:1      | 0 ||| qw: Version: 0.2-a-29-g511e9b1
     0 | D:1      | 0 ||| qw: Game counter: 20
     0 | D:1      | 0 ||| qw: Always use a shield: true
     0 | D:1      | 0 ||| qw: God list: Okawaru
     0 | D:1      | 0 ||| qw: Allow faded altars: false
     0 | D:1      | 0 ||| qw: Do Orc after D:15 true
     0 | D:1      | 0 ||| qw: Do second Lair branch before Depths: true
     0 | D:1      | 0 ||| qw: Lair rune preference: random
     0 | D:1      | 0 ||| qw: Plans: Normal
     0 | D:1      | 0 ||| PLANNING D:1-11
     9 | D:1      | 9 ||| INVOKING Spit Poison.
    23 | D:1      | 23 ||| INVOKING Spit Poison.
    61 | D:1      | 61 ||| INVOKING Spit Poison.
    64 | D:1      | Reached skill level 4 in Ranged Weapons
    64 | D:1      | Reached XP level 2. HP: 21/26 MP: 2/2
    65 | D:1      | 65 ||| INVOKING Spit Poison.
   151 | D:1      | 151 ||| INVOKING Spit Poison.
   172 | D:1      | 172 ||| INVOKING Spit Poison.
   185 | D:1      | 185 ||| INVOKING Spit Poison.
   191 | D:1      | 191 ||| INVOKING Spit Poison.
   213 | D:1      | 213 ||| INVOKING Spit Poison.
   220 | D:1      | 220 ||| INVOKING Spit Poison.
   223 | D:1      | 223 ||| INVOKING Spit Poison.
   271 | D:1      | 271 ||| INVOKING Spit Poison.
   529 | D:1      | 529 ||| READING scroll labelled HEID NELOR.
   532 | D:1      | 532 ||| READING scroll labelled CITHRE NABO.
   533 | D:1      | 533 ||| READING scroll labelled HETRYKHAIS.
   534 | D:1      | 534 ||| READING scroll labelled ZOOGOZ PEUPLI.
   581 | D:1      | 581 ||| READING scroll labelled XIXYHA OPLEIKH.
   582 | D:1      | 582 ||| READING scroll labelled WIPTUP GANIUFA.
   583 | D:1      | 583 ||| DROPPING scroll of butterflies.
   622 | D:2      | 622 ||| INVOKING Spit Poison.
   624 | D:2      | Reached XP level 3. HP: 32/32 MP: 3/3
   626 | D:2      | 626 ||| INVOKING Spit Poison.
   647 | D:2      | 647 ||| INVOKING Spit Poison.
   660 | D:2      | 660 ||| INVOKING Spit Poison.
   725 | D:2      | Noticed an ogre
   726 | D:2      | 726 ||| INVOKING Spit Poison.
   732 | D:2      | 732 ||| INVOKING Spit Poison.
   732 | D:2      | Killed an ogre
   733 | D:2      | Reached skill level 5 in Ranged Weapons
   733 | D:2      | Reached XP level 4. HP: 39/39 MP: 4/4
   733 | D:2      | Reached XP level 5. HP: 45/45 MP: 5/5
   874 | D:2      | 874 ||| INVOKING Spit Poison.
   899 | D:2      | 899 ||| INVOKING Spit Poison.
   907 | D:2      | 907 ||| INVOKING Spit Poison.
   921 | D:2      | Noticed Sigmund
   922 | D:2      | 922 ||| INVOKING Spit Poison.
   933 | D:2      | 933 ||| INVOKING Spit Poison.
   939 | D:2      | 939 ||| INVOKING Spit Poison.
   945 | D:2      | 945 ||| INVOKING Spit Poison.
   946 | D:2      | Killed Sigmund
   947 | D:2      | Reached XP level 6. HP: 26/58 MP: 6/6
   955 | D:2      | Noticed Natasha
   956 | D:2      | 956 ||| INVOKING Spit Poison.
   959 | D:2      | HP: 11/58 [Natasha (8)]
   962 | D:2      | Killed Natasha
  1062 | D:2      | 1062 ||| INVOKING Spit Poison.
  1219 | D:2      | 1219 ||| INVOKING Spit Poison.
  1227 | D:2      | 1227 ||| INVOKING Spit Poison.
  1228 | D:2      | 1228 ||| INVOKING Spit Poison.
  1325 | D:2      | 1325 ||| INVOKING Spit Poison.
  1472 | D:2      | 1472 ||| INVOKING Spit Poison.
  1477 | D:2      | 1477 ||| INVOKING Spit Poison.
  1494 | D:2      | 1494 ||| INVOKING Spit Poison.
  1578 | D:2      | Found Rum Lias's Armour Shoppe.
  1586 | D:2      | 1586 ||| SHOPLISTING +2 helmet "Fykudaukk" {Rampage} (279
                  | gold, have 99).
  1655 | D:2      | Noticed Natasha
  1656 | D:2      | 1656 ||| INVOKING Spit Poison.
  1661 | D:2      | 1661 ||| INVOKING Spit Poison.
  1663 | D:2      | 1663 ||| INVOKING Spit Poison.
  1667 | D:2      | 1667 ||| INVOKING Spit Poison.
  1667 | D:2      | Killed Natasha
  1801 | D:2      | 1801 ||| READING scroll labelled DAMAKAT SOIPICOJORPH.
  1802 | D:2      | 1802 ||| READING scroll labelled CAISSIEVEI.
  1803 | D:2      | 1803 ||| READING scroll labelled SOSEFAANA.
  1804 | D:2      | 1804 ||| DRINKING 2 clear potions.
  1805 | D:2      | 1805 ||| DROPPING potion of brilliance.
  1818 | D:3      | Found a broken altar of Ashenzari.
  1819 | D:3      | 1819 ||| INVOKING Spit Poison.
  1821 | D:3      | Reached skill level 6 in Ranged Weapons
  1851 | D:3      | 1851 ||| INVOKING Spit Poison.
  1888 | D:3      | 1888 ||| INVOKING Spit Poison.
  1889 | D:3      | Found a faded altar of an unknown god.
  1975 | D:3      | 1975 ||| INVOKING Spit Poison.
  2013 | D:3      | Found Sapnuabu's Armour Shop.
  2018 | D:3      | 2018 ||| SHOPLISTING +1 leather armour of Narcissism {-Tele
                  | Harm Will++ Regen+} (252 gold, have 111).
  2018 | D:3      | 2018 ||| SHOPLISTING +2 robe of cold resistance (212 gold,
                  | have 111).
  2018 | D:3      | 2018 ||| SHOPLISTING +3 leather armour (228 gold, have
                  | 111).
  2066 | D:3      | 2066 ||| INVOKING Spit Poison.
  2089 | D:3      | Found a runed translucent door.
  2090 | D:3      | Noticed Crazy Yiuf
  2132 | D:3      | Noticed Terence
  2133 | D:3      | 2133 ||| INVOKING Spit Poison.
  2140 | D:3      | 2140 ||| INVOKING Spit Poison.
  2140 | D:3      | Killed Terence
  2317 | D:3      | Reached XP level 7. HP: 57/66 MP: 7/7
  2318 | D:3      | 2318 ||| INVOKING Spit Poison.
  2453 | D:3      | Identified the +3 leather armour of Boiz {Str+4}
  2460 | D:3      | 2460 ||| INVOKING Spit Poison.
  2485 | D:3      | 2485 ||| INVOKING Spit Poison.
  2530 | D:3      | 2530 ||| INVOKING Spit Poison.
  2652 | D:3      | 2652 ||| UPGRADING to +3 leather armour of Boiz {Str+4}.
  2662 | D:3      | 2662 ||| DROPPING +0 leather armour.
  2663 | D:3      | 2663 ||| UPGRADING to ring of positive energy.
  2664 | D:3      | 2664 ||| DRINKING 3 orange potions.
  2664 | D:3      | Gained mutation: You can exhale a cloud of poison. [potion
                  | of mutation]
  2664 | D:3      | Gained mutation: You are agile. (Dex +4, Str/Int -1)
                  | [potion of mutation]
  2664 | D:3      | Gained mutation: You occasionally shout uncontrollably at
                  | your foes. [potion of mutation]
  2665 | D:3      | 2665 ||| DRINKING 3 coppery potions.
  2689 | D:4      | 2689 ||| INVOKING Breathe Poison Gas.
  2690 | D:4      | 2690 ||| STAIRDANCE
  2901 | D:4      | 2901 ||| INVOKING Breathe Poison Gas.
  2903 | D:4      | 2903 ||| STAIRDANCE
  3062 | D:4      | 3062 ||| INVOKING Breathe Poison Gas.
  3144 | D:4      | 3144 ||| INVOKING Breathe Poison Gas.
  3354 | D:4      | 3354 ||| INVOKING Breathe Poison Gas.
  3355 | D:4      | 3355 ||| INVOKING Breathe Poison Gas.
  3376 | D:4      | Found a bloodstained altar of Trog.
  3389 | D:4      | 3389 ||| INVOKING Breathe Poison Gas.
  3398 | D:4      | 3398 ||| INVOKING Breathe Poison Gas.
  3401 | D:4      | Reached skill level 7 in Ranged Weapons
  3433 | D:4      | 3433 ||| INVOKING Breathe Poison Gas.
  3467 | D:4      | Found an ornate altar of the Wu Jian Council.
  3493 | D:4      | 3493 ||| INVOKING Breathe Poison Gas.
  3622 | D:4      | 3622 ||| INVOKING Breathe Poison Gas.
  3674 | D:4      | 3674 ||| INVOKING Breathe Poison Gas.
  3683 | D:4      | Found a hazy altar of Hepliaklqana.
  3870 | D:4      | 3870 ||| READING 2 scrolls labelled VUINEZ XEREM.
  3871 | D:4      | 3871 ||| DRINKING 2 viscous green potions.
  3872 | D:4      | 3872 ||| DROPPING scroll of fog.
  3897 | D:5      | Entered Level 5 of the Dungeon
  3898 | D:5      | 3898 ||| INVOKING Breathe Poison Gas.
  3919 | D:5      | Identified the +0 leather armour "Enac" {Str+4 Stlth+}
  3948 | D:5      | Noticed Blork the orc
  3950 | D:5      | 3950 ||| INVOKING Breathe Poison Gas.
  3952 | D:5      | Killed Blork the orc
  3962 | D:5      | 3962 ||| DROPPING +0 leather armour "Enac" {Str+4 Stlth+}.
  3968 | D:5      | 3968 ||| STAIRDANCE
  4019 | D:5      | 4019 ||| UPGRADING to +0 orcbow.
  4020 | D:5      | 4020 ||| DROPPING +0 shortbow of chaos.
  4054 | D:5      | Reached skill level 8 in Ranged Weapons
  4054 | D:5      | Reached XP level 8. HP: 68/73 MP: 8/8
  4086 | D:5      | Found a runed translucent door.
  4094 | D:5      | Noticed qw's ghost (novice GrFi)
  4145 | D:5      | 4145 ||| INVOKING Breathe Poison Gas.
  4166 | D:5      | 4166 ||| INVOKING Breathe Poison Gas.
  4184 | D:5      | Found a runed translucent door.
  4212 | D:5      | Found a sacrificial altar of Ru.
  4244 | D:5      | 4244 ||| INVOKING Breathe Poison Gas.
  4290 | D:5      | Found a white marble altar of Elyvilon.
  4325 | D:5      | 4325 ||| INVOKING Breathe Poison Gas.
  4563 | D:5      | 4563 ||| INVOKING Breathe Poison Gas.
  4676 | D:5      | 4676 ||| UPGRADING to ring of protection from fire.
  4677 | D:5      | 4677 ||| READING 2 scrolls of identify.
  4677 | D:5      | 4677 ||| IDENTIFYING yellow potion
  4690 | D:6      | 4690 ||| INVOKING Breathe Poison Gas.
  4716 | D:6      | 4716 ||| INVOKING Breathe Poison Gas.
  4717 | D:6      | 4717 ||| FLEEEEING.
  4719 | D:6      | 4719 ||| STAIRDANCE
  4807 | D:6      | 4807 ||| INVOKING Breathe Poison Gas.
  4868 | D:6      | Found Vaicall's Lightly-Used Armoury.
  4873 | D:6      | 4873 ||| BUYING -2 barding (169 gold).
  4873 | D:6      | Bought a -2 barding for 169 gold pieces
  4873 | D:6      | 4873 ||| BUYING -2 hand crossbow (1 gold).
  4873 | D:6      | Bought a -2 hand crossbow for 1 gold piece
  4873 | D:6      | 4873 ||| BUYING -2 triple crossbow (1 gold).
  4873 | D:6      | Bought a -2 triple crossbow for 1 gold piece
  4873 | D:6      | 4873 ||| UPGRADING to -2 hand crossbow.
  4874 | D:6      | 4874 ||| DROPPING +0 orcbow.
  4875 | D:6      | 4875 ||| UPGRADING to -2 triple crossbow.
  4876 | D:6      | 4876 ||| DROPPING -2 hand crossbow.
  4884 | D:6      | 4884 ||| INVOKING Breathe Poison Gas.
  4906 | D:6      | 4906 ||| INVOKING Breathe Poison Gas.
  4908 | D:6      | Reached skill level 3 in Dodging
  4971 | D:6      | 4971 ||| INVOKING Breathe Poison Gas.
  5004 | D:6      | Noticed an animated gold dragon scales
  5005 | D:6      | Found Lonnafax's Armour Shop.
  5006 | D:6      | Noticed an animated plate armour
  5007 | D:6      | Noticed Eustachio
  5008 | D:6      | 5008 ||| UPGRADING to -2 barding.
  5013 | D:6      | 5013 ||| DROPPING +0 robe of willpower.
  5015 | D:6      | 5015 ||| INVOKING Breathe Poison Gas.
  5021 | D:6      | 5021 ||| DROPPING +6 ring of intelligence.
  5024 | D:6      | Killed Eustachio
  5089 | D:6      | 5089 ||| BUYING +0 pair of gloves (49 gold).
  5089 | D:6      | Bought a +0 pair of gloves for 49 gold pieces
  5089 | D:6      | 5089 ||| SHOPLISTING +2 cloak (181 gold, have 79).
  5207 | D:6      | 5207 ||| Stepping ~*~*~tactically~*~*~ (outnumbered).
  5209 | D:6      | 5209 ||| Stepping ~*~*~tactically~*~*~ (outnumbered).
  5211 | D:6      | 5211 ||| INVOKING Breathe Poison Gas.
  5215 | D:6      | 5215 ||| INVOKING Breathe Poison Gas.
  5283 | D:6      | Found a staircase to the Ecumenical Temple.
  5284 | D:6      | 5284 ||| PLANNING TEMPLE
  5284 | D:6      | 5284 ||| UPGRADING to +0 pair of gloves.
  5289 | D:6      | 5289 ||| READING scroll of enchant armour.
  5289 | D:6      | 5289 ||| ENCHANTING +0 pair of gloves.
  5290 | D:6      | 5290 ||| READING scroll labelled WECSIE WOCVET.
  5291 | D:6      | 5291 ||| READING scroll labelled TERAFU POHOELU.
  5300 | Temple   | Entered the Ecumenical Temple
  5395 | Temple   | 5395 ||| PLANNING OKAWARU WORSHIP
  5531 | Temple   | Became a worshipper of Warmaster Okawaru
  5532 | Temple   | 5532 ||| PLANNING D:1-11
  5613 | D:6      | 5613 ||| INVOKING Breathe Poison Gas.
  5753 | D:7      | 5753 ||| INVOKING Breathe Poison Gas.
  5780 | D:7      | 5780 ||| INVOKING Breathe Poison Gas.
  5804 | D:7      | Noticed a wyvern
  5806 | D:7      | 5806 ||| INVOKING Breathe Poison Gas.
  5808 | D:7      | Reached skill level 9 in Ranged Weapons
  5812 | D:7      | Killed a wyvern
  5813 | D:7      | Reached XP level 9. HP: 62/82 MP: 9/9
  5907 | D:7      | 5907 ||| READING scroll of brand weapon.
  5907 | D:7      | 5907 ||| BRANDING -2 triple crossbow.
  5962 | D:7      | 5962 ||| Stepping ~*~*~tactically~*~*~ (outnumbered).
  5964 | D:7      | 5964 ||| INVOKING Breathe Poison Gas.
  5966 | D:7      | 5966 ||| Stepping ~*~*~tactically~*~*~ (outnumbered).
  5969 | D:7      | Noticed Pikel
  5971 | D:7      | Reached skill level 6 in Fighting
  5977 | D:7      | Killed Pikel
  5977 | D:7      | Reached * piety under Okawaru
  5978 | D:7      | 5978 ||| INVOKING Breathe Poison Gas.
  6126 | D:7      | 6126 ||| INVOKING Breathe Poison Gas.
  6128 | D:7      | Reached skill level 1 in Invocations
  6172 | D:7      | Found a blossoming altar of Fedhas.
  6206 | D:7      | 6206 ||| INVOKING Breathe Poison Gas.
  6292 | D:7      | Noticed Maggie
  6294 | D:7      | 6294 ||| INVOKING Breathe Poison Gas.
  6295 | D:7      | Killed Maggie
  6295 | D:7      | Reached ** piety under Okawaru
  6296 | D:7      | Reached skill level 10 in Ranged Weapons
  6403 | D:7      | 6403 ||| INVOKING Breathe Poison Gas.
  6404 | D:7      | 6404 ||| INVOKING Breathe Poison Gas.
  6405 | D:7      | 6405 ||| INVOKING Breathe Poison Gas.
  6483 | D:7      | 6483 ||| READING scroll labelled NOARIU NUTOUJ.
  6484 | D:7      | 6484 ||| READING 3 scrolls of identify.
  6484 | D:7      | 6484 ||| IDENTIFYING grey potion
  6485 | D:7      | 6485 ||| READING 2 scrolls of identify.
  6485 | D:7      | 6485 ||| IDENTIFYING fuming clear potion
  6486 | D:7      | 6486 ||| DROPPING potion of ambrosia.
  6487 | D:7      | 6487 ||| DROPPING potion of enlightenment.
  6563 | D:8      | Found Ollyext's General Store.
  6567 | D:8      | 6567 ||| INVOKING Breathe Poison Gas.
  6575 | D:8      | 6575 ||| SHOPLISTING +2 leather armour of fire resistance
                  | (247 gold, have 202).
  6575 | D:8      | 6575 ||| BUYING scroll of teleportation (39 gold).
  6575 | D:8      | Bought a scroll of teleportation for 39 gold pieces
  6576 | D:8      | 6576 ||| INVOKING Breathe Poison Gas.
  6579 | D:8      | Reached skill level 3 in Invocations
  6647 | D:8      | 6647 ||| INVOKING Breathe Poison Gas.
  6684 | D:8      | 6684 ||| INVOKING Breathe Poison Gas.
  6689 | D:8      | Reached XP level 10. HP: 91/91 MP: 11/13
  6695 | D:8      | 6695 ||| INVOKING Breathe Poison Gas.
  6698 | D:8      | 6698 ||| INVOKING Heroism.
  6825 | D:8      | 6825 ||| INVOKING Breathe Poison Gas.
  6828 | D:8      | Reached *** piety under Okawaru
  6835 | D:8      | 6835 ||| INVOKING Breathe Poison Gas.
  6836 | D:8      | 6836 ||| INVOKING Heroism.
  6840 | D:8      | Reached skill level 11 in Ranged Weapons
  7022 | D:8      | 7022 ||| INVOKING Breathe Poison Gas.
  7026 | D:8      | 7026 ||| INVOKING Heroism.
  7412 | D:9      | 7412 ||| INVOKING Breathe Poison Gas.
  7426 | D:9      | 7426 ||| Stepping ~*~*~tactically~*~*~ (outnumbered).
  7428 | D:9      | 7428 ||| Stepping ~*~*~tactically~*~*~ (outnumbered).
  7429 | D:9      | 7429 ||| INVOKING Breathe Poison Gas.
  7432 | D:9      | 7432 ||| Stepping ~*~*~tactically~*~*~ (outnumbered).
  7439 | D:9      | 7439 ||| INVOKING Breathe Poison Gas.
  7464 | D:9      | Found a snail-covered altar of Cheibriados.
  7465 | D:9      | 7465 ||| INVOKING Breathe Poison Gas.
  7502 | D:9      | Found a flagged portal.
  7574 | D:9      | 7574 ||| INVOKING Breathe Poison Gas.
  7604 | D:9      | 7604 ||| INVOKING Breathe Poison Gas.
  7611 | D:9      | Noticed a kobold demonologist
  7612 | D:9      | Noticed a kobold demonologist
  7617 | D:9      | Noticed a sun demon
  7619 | D:9      | 7619 ||| INVOKING Heroism.
  7621 | D:9      | Killed a kobold demonologist
  7622 | D:9      | 7622 ||| INVOKING Breathe Poison Gas.
  7626 | D:9      | Killed a kobold demonologist
  7700 | D:9      | Noticed a kobold demonologist
  7701 | D:9      | 7701 ||| INVOKING Breathe Poison Gas.
  7703 | D:9      | Noticed an orange demon
  7703 | D:9      | 7703 ||| INVOKING Heroism.
  7703 | D:9      | Killed a kobold demonologist
  7838 | D:9      | Found a staircase to the Lair.
  8012 | D:9      | Noticed a two-headed ogre
  8013 | D:9      | 8013 ||| INVOKING Heroism.
  8014 | D:9      | 8014 ||| INVOKING Breathe Poison Gas.
  8017 | D:9      | Killed a two-headed ogre
  8017 | D:9      | Reached **** piety under Okawaru
  8018 | D:9      | Reached skill level 12 in Ranged Weapons
  8030 | D:9      | Found Kuobymna's Distillery.
  8041 | D:9      | 8041 ||| BUYING 2 potions of mutation (240 gold).
  8041 | D:9      | Bought 2 potions of mutation for 240 gold pieces
  8041 | D:9      | 8041 ||| SHOPLISTING potion of cancellation (120 gold, have
                  | 54).
  8041 | D:9      | 8041 ||| BUYING potion of curing (45 gold).
  8041 | D:9      | Bought a potion of curing for 45 gold pieces
  8041 | D:9      | 8041 ||| SHOPLISTING potion of heal wounds (75 gold, have
                  | 9).
  8041 | D:9      | 8041 ||| SHOPLISTING potion of mutation (120 gold, have 9).
  8182 | D:9      | Found a glowing silver altar of Zin.
  8270 | D:9      | 8270 ||| PLANNING LAIR
  8295 | Lair:1   | Entered Level 1 of the Lair of Beasts
  8296 | Lair:1   | 8296 ||| PLANNING GAUNTLET
  8309 | Lair:1   | 8309 ||| INVOKING Heroism.
  8310 | Lair:1   | 8310 ||| INVOKING Breathe Poison Gas.
  8312 | Lair:1   | Reached XP level 11. HP: 103/103 MP: 11/14
  8336 | Lair:1   | 8336 ||| INVOKING Breathe Poison Gas.
  8341 | Lair:1   | 8341 ||| INVOKING Heroism.
  8379 | Lair:1   | 8379 ||| INVOKING Heroism.
  8386 | Lair:1   | 8386 ||| INVOKING Breathe Poison Gas.
  8402 | Lair:1   | 8402 ||| INVOKING Heroism.
  8403 | Lair:1   | 8403 ||| INVOKING Breathe Poison Gas.
  8405 | Lair:1   | Reached skill level 3 in Armour
  8446 | Lair:1   | Noticed a moth of wrath
  8448 | Lair:1   | Found a bloodstained altar of Trog.
  8448 | Lair:1   | Noticed a spriggan rider
  8449 | Lair:1   | 8449 ||| INVOKING Heroism.
  8449 | Lair:1   | Noticed qw's ghost (journeyman GrFi)
  8450 | Lair:1   | 8450 ||| INVOKING Breathe Poison Gas.
  8469 | Lair:1   | Noticed a spriggan rider
  8474 | Lair:1   | Reached skill level 6 in Invocations
  8478 | Lair:1   | 8478 ||| INVOKING Heroism.
  8588 | Lair:1   | Found a transporter.
  8593 | Lair:1   | Found a transporter.
  8602 | Lair:1   | Found a gate leading to a gauntlet.
  8611 | Gauntlet | Entered a Gauntlet
  8611 | Gauntlet | Found a large runed translucent door.
  8611 | Gauntlet | Found a large runed translucent door.
  8611 | Gauntlet | Found a large runed translucent door.
  8611 | Gauntlet | Found a large runed translucent door.
  8611 | Gauntlet | Found a large runed translucent door.
  8611 | Gauntlet | Found a large runed translucent door.
  8611 | Gauntlet | Found a runed translucent door.
  8611 | Gauntlet | Found a transporter.
  8611 | Gauntlet | Found a transporter.
  8611 | Gauntlet | Found a runed translucent door.
  8611 | Gauntlet | Found a large runed translucent door.
  8611 | Gauntlet | Found a large runed translucent door.
  8611 | Gauntlet | Found a large runed translucent door.
  8611 | Gauntlet | Found a large runed translucent door.
  8611 | Gauntlet | Found a large runed translucent door.
  8611 | Gauntlet | Found a large runed translucent door.
  8615 | Gauntlet | Found a transporter.
  8615 | Gauntlet | Found a transporter.
  8619 | Gauntlet | Found a large runed translucent door.
  8619 | Gauntlet | Found a large runed translucent door.
  8620 | Gauntlet | Found a runed translucent gate.
  8620 | Gauntlet | Found a runed translucent gate.
  8620 | Gauntlet | Found a runed translucent gate.
  8622 | Gauntlet | Noticed a fire crab
  8626 | Gauntlet | Noticed a tengu warrior
  8627 | Gauntlet | Found a transporter.
  8631 | Gauntlet | Noticed a fire crab
  8634 | Gauntlet | Noticed a blizzard demon
  8635 | Gauntlet | Found a transporter.
  8635 | Gauntlet | Found a transporter.
  8639 | Gauntlet | Found a transporter.
  8676 | Gauntlet | Found a transporter.
  8683 | Gauntlet | Found a transporter.
  8701 | Gauntlet | Found a transporter.
  8715 | Gauntlet | Found a transporter.
  8733 | Gauntlet | Found a large runed translucent door.
  8734 | Gauntlet | Found a large runed translucent door.
  8761 | Gauntlet | Found a transporter.
  8775 | Gauntlet | Found a transporter.
  8877 | Gauntlet | Found a transporter.
  8882 | Gauntlet | Noticed a catoblepas
  8891 | Gauntlet | Found a transporter.
  8988 | Gauntlet | 8988 ||| INVOKING Breathe Poison Gas.
  9034 | Gauntlet | 9034 ||| INVOKING Breathe Poison Gas.
  9039 | Gauntlet | 9039 ||| INVOKING Heroism.
  9049 | Gauntlet | 9049 ||| INVOKING Breathe Poison Gas.
  9186 | Gauntlet | 9186 ||| INVOKING Breathe Poison Gas.
  9188 | Gauntlet | 9188 ||| INVOKING Heroism.
  9190 | Gauntlet | HP: 20/103 [fire crab] (14)]
  9191 | Gauntlet | 9191 ||| DRINKING 3 potions of heal wounds.
  9193 | Gauntlet | 9193 ||| DRINKING 2 potions of heal wounds.
  9195 | Gauntlet | 9195 ||| DRINKING potion of heal wounds.
  9196 | Gauntlet | HP: 22/103 [fire crab] (9)]
  9196 | Gauntlet | HP: 7/103 [fire crab (7)]
  9196 | Gauntlet | HP: 1/103 [fire crab (6)]
  9196 | Gauntlet | Slain by a hell hound

Levels and vault maps discovered:
D:1:      heliophobic_arrival_henge, layout_basic, minmay_misc_feat_tower
D:2:      layout_basic, serial_shops, shop, uniq_natasha, uniq_sigmund
D:3:      layout_basic, mainiacjoe_overflow_catwalk,
          shapermc_ecumenical_altar_mp_ritualfount, serial_shops, shop,
          minmay_misc_feat_encased, dk_noncrumbling_2, uniq_terence,
          uniq_crazy_yiuf_cottage
D:4:      layout_loops_corners, nicolae_overflow_hidden_temple,
          mainiacjoe_overflow_small_starburst, nicolae_hepliaklqana_hippocampus
D:5:      layout_cave_pods, overflow_temple_1_default, lemuel_tele_altar,
          ebering_ghost_sewer_f, uniq_blork_the_orc
D:6:      layout_loops_ring, minmay_temple_entry_overgrown, serial_shops,
          nicolae_shop_mannequins, minmay_shop_damaged, abandoned_shop,
          uniq_eustachio
D:7:      layout_loops_cross, fedhas_bush_and_centaur_altar, uniq_maggie,
          uniq_pikel
D:8:      layout_loops_ring, nicolae_stop_n_shop_1
D:9:      layout_stronghold, lemuel_doored_altar, marbit_many_paths,
          dpeg_oklobed_lair, enter_bailey_2, serial_shops, shop
Temple:   nicolae_temple_figure_eight
Lair:1:   layout_regular_city, gauntlet_entry_generic,
          gammafunk_ghost_wrathful_warriors, beast_lair_carwin_11,
          grunt_megastairs_2
Gauntlet: gammafunk_gauntlet_branching [nicolae_gauntlet_arena_flowing_pool,
          minmay_gauntlet_arena_make_your_own_arena,
          nicolae_gauntlet_arena_quarters, gammafunk_gauntlet_arena_teeth,
          nicolae_gauntlet_swirl, gammafunk_gauntlet_arena_spirals,
          nicolae_gauntlet_arena_t_cross, nicolae_gauntlet_arena_x,
          nicolae_gauntlet_exit_dead_adventurers]

Skill      XL: |  1  2  3  4  5  6  7  8  9 10 11 |
---------------+----------------------------------+-----
Ranged Weapons | 4 5 6 8 9 10 12 | 12.7
Fighting       | 4 5 6 8 |  8.0
Dodging        | 2 3 4 5 |  5.4
Armour         | 2 3 |  3.0
Invocations    | 4 7 |  7.2
Stealth        | |  1.5

Action                     |  1- 3 |  4- 6 |  7- 9 | 10-12 || total
---------------------------+-------+-------+-------+-------++-------
   Fire: Shortbow          |    40 |    59 |    72 |       ||   171
         Orcbow            |       |       |    40 |       ||    40
         Triple crossbow   |       |       |    73 |   122 ||   195
 Invoke: Heroism           |       |       |       |    14 ||    14
Ability: Spit Poison       |    18 |    26 |     4 |       ||    48
         Breathe Poison Ga |       |       |    41 |    22 ||    63
    Use: Scroll            |     6 |     3 |     9 |       ||    18
         Potion            |       |     1 |     3 |     3 ||     7
 Armour: Leather armour    |     6 |     8 |    32 |    59 ||   105
  Dodge: Dodged            |    11 |    18 |    52 |    89 ||   170

Table legend:
 A = Non-vault XP
 B = Vault XP
 C = Vault XP percentage of total XP
 D = Non-vault monster count
 E = Vault monster count
 F = Vault count percentage of total count
                 A         B        C        D         E       F
            +---------+---------+-------+---------+---------+-------
      Total |   11569 |    4326 |  27.2 |     183 |      20 |   9.9
            +---------+---------+-------+---------+---------+-------
        D:1 |      33 |       0 |   0.0 |      20 |       0 |   0.0
        D:2 |     223 |     275 |  55.2 |      20 |       2 |   9.1
        D:3 |     241 |      32 |  11.7 |      19 |       1 |   5.0
        D:4 |     254 |       0 |   0.0 |      21 |       0 |   0.0
        D:5 |     344 |      90 |  20.7 |      14 |       1 |   6.7
        D:6 |     432 |     203 |  32.0 |      13 |       1 |   7.1
        D:7 |     548 |    1186 |  68.4 |      17 |       3 |  15.0
        D:8 |    2841 |       0 |   0.0 |      27 |       0 |   0.0
        D:9 |    2452 |      59 |   2.3 |      16 |       1 |   5.9
     Lair:1 |    4201 |     490 |  10.4 |      16 |       2 |  11.1
   Gauntlet |       0 |    1991 | 100.0 |       0 |       9 | 100.0
            +---------+---------+-------+---------+---------+-------
